 Dungeon Crawl Stone Soup version 0.28-a0-1152-g9c71ebef14 (webtiles) character file.

Game seed: 9278765466947909018

9 spaghetti the Sneak (level 2, 0/21 HPs)
             Began as an Octopode Delver on Dec 14, 2021.
             Slain by a gnoll (9 damage)
             ... on level 5 of the Dungeon.
             The game lasted 00:00:28 (180 turns).

spaghetti the Sneak (Octopode Delver)                Turns: 180, Time: 00:00:28

Health: 0/21       AC:  1    Str: 11    XL:     2   Next: 16%
Magic:  2/2        EV: 13    Int: 12    God:
Gold:   11         SH:  0    Dex: 13    Spells: 1/1 levels left

rFire   . . .      SeeInvis +   a - +0 hand axe {axe}
rCold   . . .      Faith    .   (no shield)
rNeg    . . .      Spirit   .   (helmet restricted)
rPois   .          Reflect  .   (no amulet)
rElec   .          Harm     .   g - ring of see invisible
rCorr   .          Rampage  .   (no ring)
Will    .....                   (no ring)
Stlth   ++++......              (no ring)
HPRegen 0.07/turn               (no ring)
MPRegen 0.08/turn               (no ring)
                                (no ring)
                                (no ring)

@: studying Slings
A: almost no armour, amphibious, 8 rings, camouflage 1, gelatinous body 1,
(nimble swimmer 1), tentacles
a: no special abilities


You were on level 5 of the Dungeon.
You visited 1 branch of the dungeon, and saw 2 of its levels.

You collected 11 gold pieces.


Innate Abilities, Weirdness & Mutations

You cannot wear most types of armour.
You are amphibious.
You can wear up to eight rings at the same time.
Your skin changes colour to match your surroundings (Stealth+).
Your rubbery body absorbs attacks. (AC +1, EV +1)
((You are camouflaged near water. (Stealth+)))
You have tentacles for arms and can constrict up to eight enemies at once.


   Skills:
 - Level 3.0 Fighting
 - Level 2.0 Axes
 + Level 2.8 Dodging
 - Level 6.6 Stealth


You had one spell level left.
You didn't know any spells.
Your spell library was empty.

Inventory:

Hand Weapons
 a - a +0 hand axe (weapon) {axe}
Missiles
 h - 14 sling bullets
Jewellery
 g - a ring of see invisible (left tentacle)
   (You found it on level 5 of the Dungeon)
Wands
 f - a wand of digging (3)
Scrolls
 b - a scroll of fog
 c - 2 scrolls of magic mapping {!r}
 d - a scroll of fear
Potions
 e - 2 potions of haste {@q3}

Dungeon Overview and Level Annotations

Branches:
Dungeon (6/15)
 Temple: D:4-7

Altars:

g...#.....#...#...........#
###.+.....##'##.####.####.###
#?#.....##......##.........
#.### #'##.#..#.##.####.##.#
#...+ #.......#.##.##.#+##.#
#.#.###...g...#.....#......#
#.#..g...##g......>.'......#
#.......#####g.#....#......#
.............#.#@..##.#......#
############.#........'........
#.#.######.#.....###
#.#.#..<.#.#.....#
#.#.#.#..#.#######
#######.#.#.####.#
#.......#......#.#
#.#########.##.#.#
#.#............#.#


You could see a gnoll shaman and 2 gnolls.


Message History

There is an entrance to a sewer on this level.
Hurry and find it before the portal rusts away! 🤖 Initializing magus.rc ...
Options error: Delay interrupt name "hungry" not recognised. (~/.crawlrc:4771) ✅ Successfully initialized magus.rc [v1.9.6] Welcome, spaghetti the Octopode Delver.
They say the Orb of Zot lies within this dungeon, but they say a lot of things.
Press ? for a list of commands and other information.
Found a stone staircase leading down.
Unknown command.
You open the door.
There is an open door here.
You open the door.
There is an open door here.
c - 2 scrolls of magic mapping {!r} (gained 1)
You open the door.
There is an open door here.
g - a ring of see invisible You open the door.
There is an open door here.
You open the door.
There is an open door here.
You hear the slow rusting of a very distant drain.
You open the door.
There is an open door here.
Key pressed, stopping explore.
Unknown command.
g - a ring of see invisible (left tentacle)
(D) Dungeon
Where to? (? - help)
There is a stone staircase leading down here.
You climb downwards.
There is a stone staircase leading up here.
Unknown command.
Unknown command.
Unknown command.
e - 2 potions of haste {@q3} (gained 1)
You pick up a manual of Slings {!d} and begin studying.
(D) Dungeon
Where to? (Enter - D:6, ? - help)
You see here a +0 leather armour.
There is a stone staircase leading up here.
You climb upwards.
You hear the sound of rushing water.
There is an entrance to a sewer on this level.
Hurry and find it before the portal rusts away!
There is a stone staircase leading down here.
Unknown command.
Unknown command.
Found a stone staircase leading up.
You hear the slow rusting of a drain nearby.
h - 14 sling bullets
Found an escape hatch in the ceiling.
Unknown command.
There is an escape hatch in the ceiling here.
You now have 11 gold pieces.
You hear the slow rusting of a very distant drain.
A gnoll comes into view. It is wielding a +0 club.
You see here a scroll of fear.
Unknown command.
A gnoll is nearby!
A gnoll and a gnoll shaman come into view.
A gnoll comes into view. It is wielding a +0 halberd.
The helpless gnoll fails to defend itself.
You slash the gnoll! Your grab misses the gnoll.
The gnoll completely misses you.
You hit the gnoll but do no damage. Your grab misses the gnoll.
You squeeze the gnoll.
You kill the gnoll!
You have reached level 2! 😎 HP[+5] MP[+1]
You now have 21 max hp (+5).
Your hp is fully restored (21).
Your mp is fully restored (2).
Unknown command.
The gnoll shaman shouts!
You hear a shout! x2
A gnoll comes into view. It is wielding a +0 whip. x2
The gnoll shaman closely misses you.
The gnoll shouts!
You hit the gnoll shaman but do no damage.
Your grab misses the gnoll shaman.
The gnoll hits you from afar with a +0 halberd!
Ouch! That really hurt!
* * * LOW HITPOINT WARNING * * *
The gnoll shaman completely misses you. 😨 HP[-13]
You take 13 damage, and now have 8/21 hp.
MASSIVE DAMAGE!! (PAUSE)
Things that are here:
a +0 club {mace}; a gnoll corpse
Okay, then.
Unknown command.
Okay, then.
Unknown command.
You see here a scroll of fear.
The gnoll shaman calls upon its god to speed up the gnoll.
The gnoll seems to speed up.
Unknown command. 😨 HP[+1] Unknown command.
The gnoll shaman calls upon its god to speed up something.
The gnoll hits you with a +0 whip!
You die...

Action                   || total
-------------------------++-------
Melee: Hand axe          ||     3
       Tentacles         ||     1
 Stab: Sleeping          ||     1
Dodge: Dodged            ||     3

Levels and vault maps discovered:
D:5:      nicolae_cairo_tiling_large, layout_basic,
          cheibrodos_sewer_entry_sluice, serial_shops, shop, shop,
          lemuel_old_faithful, uniq_duvessa, uniq_grinder, uniq_edmund
D:6:      layout_loops_ring, elyvilon_altar_1, nemelex_diamond_rough_becter,
          kennysheep_generic_room_2

Notes
Turn   | Place    | Note
-------+----------+-------------------------------------------
     0 | D:5      | spaghetti the Octopode Delver began the quest for the Orb.
     0 | D:5      | Reached XP level 1. HP: 16/16 MP: 1/1
     0 | D:5      | magus.rc [v1.9.6]
   156 | D:5      | Noticed a gnoll shaman
   160 | D:5      | Reached XP level 2. HP: 21/21 MP: 2/2
   180 | D:5      | Slain by a gnoll

Vanquished Creatures
  A gnoll (D:5)
1 creature vanquished.

Table legend:
 A = Non-vault XP
 B = Vault XP
 C = Vault XP percentage of total XP
 D = Non-vault monster count
 E = Vault monster count
 F = Vault count percentage of total count
                 A         B        C        D         E       F
            +---------+---------+-------+---------+---------+-------
      Total |      14 |       0 |   0.0 |       1 |       0 |   0.0
            +---------+---------+-------+---------+---------+-------
        D:5 |      14 |       0 |   0.0 |       1 |       0 |   0.0
            +---------+---------+-------+---------+---------+-------

Illustrated notes

Table legend:
 A = Kills in this place as a percentage of kills in entire the game.
 B = Kills by you in this place as a percentage of kills by you in the entire game.
 C = Kills by friends in this place as a percentage of kills by friends in the entire game.
 D = Other kills in this place as a percentage of other kills in the entire game.
 E = Experience gained in this place as a percentage of experience gained in the entire game.
 F = Experience gained in this place divided by the number of levels of this place that you have seen.
                   A       B       C       D       E      F
               +-------+-------+-------+-------+-------+----------------------
         Total | 100.0 | 100.0 |   N/A |   N/A | 100.0 |   7.0
       Dungeon | 100.0 | 100.0 |   N/A |   N/A | 100.0 |   7.0
               +-------+-------+-------+-------+-------+----------------------

Table legend: (Time is in decaauts)
 A = Elapsed time spent in this place.
 B = Non-inter-level travel time spent in this place.
 C = Inter-level travel time spent in this place.
 D = Time resting spent in this place.
 E = Time spent auto-exploring this place.
 F = Levels seen in this place.
 G = Mean time per level.
                   A        B        C        D        E       F      G
               +--------+--------+--------+--------+--------+-----+--------+
         Total |    180 |    162 |     18 |      0 |    130 |   2 |   90.0 |
       Dungeon |    180 |    162 |     18 |      0 |    130 |   2 |   90.0 |
               +--------+--------+--------+--------+--------+-----+--------+

Top non-repeatable levels by time:
     D:5: 165 daAuts
     D:6: 14 daAuts
